 Dungeon Crawl Stone Soup version 0.21-a0-331-gfb491b4 (webtiles) character file.

1200 4thArraOfDagon the Sneak (level 8, -1/96 HPs)
             Began as a Gnoll Wanderer on Oct 2, 2017.
             Was a Believer of Cheibriados.
             Killed from afar by Sigmund (10 damage)
             ... with a puff of flame
             ... on level 4 of the Dungeon.
             The game lasted 00:10:35 (1768 turns).

4thArraOfDagon the Sneak (Gnoll Wanderer)           Turns: 1768, Time: 00:10:37

Health: -1/96      AC:  3    Str: 25    XL:     8   Next: 44%
Magic:  12/12      EV: 14    Int: 19    God:    Cheibriados [**....]
Gold:   139        SH:  0    Dex: 19    Spells: 6/13 levels left

rFire    . . .     SeeInvis .   q - +2 flail (venom)
rCold    . . .     Gourm    .   (no shield)
rNeg     . . .     Faith    .   u - +0 ring mail {rPois}
rPois    +         Spirit   .   (no helmet)
rElec    .         Reflect  .   (no cloak)
rCorr    .         Harm     .   (no gloves)
MR       .....                  (no boots)
Stlth    ..........             r - amulet of magic regeneration
HPRegen  0.26/turn              v - -2 ring of protection (curse)
MPRegen  0.38/turn              (no ring)

@: berserking, about to teleport, very slow
A: distributed training, fangs 1, strong nose
a: Bend Time, Renounce Religion


You were on level 4 of the Dungeon.
You worshipped Cheibriados.
Cheibriados was pleased with you.
You were not hungry.

You visited 2 branches of the dungeon, and saw 8 of its levels.

You collected 139 gold pieces.

Inventory:

Hand Weapons
 c - a +0 hand axe
 d - a +0 dagger
 o - a +2 whip of venom
 q - a +2 flail of venom (weapon)
Missiles
 e - 3 javelins of returning (quivered)
 y - 8 curare-tipped needles
Armour
 a - a +2 leather armour
 i - a +0 chain mail
 u - a +0 ring mail of poison resistance (worn)
 x - a cursed +0 ring mail
Magical Staves
 p - an uncursed staff of power {unknown}
Jewellery
 g - an uncursed ring of teleportation
 r - an amulet of magic regeneration (around neck)
 v - a cursed -2 ring of protection (left hand)
Wands
 j - a wand of iceblast (0/15)
 k - a wand of paralysis (2/24)
Scrolls
 n - a scroll of identify
 t - 3 scrolls of fog
 A - a scroll of blinking {unknown}
Potions
 b - a potion of lignification
 l - a potion of agility {unknown}
 z - a potion of berserk rage
Books
 s - a book of Geomancy

   Spells                             Type                      Level
   a - Sandblast                      Earth                        1
   b - Passwall                       Transmutation/Earth          2
   c - Stone Arrow                    Conjuration/Earth            3
   d - Petrify                        Transmutation/Earth          4
   e - Lee's Rapid Deconstruction     Earth                        5
Comestibles
 f - 6 bread rations
 h - 2 fruits
 m - 3 meat rations
 B - a chunk of flesh


   Skills:
 + Level 5.6 Fighting
 + Level 5.6 Short Blades
 + Level 3.2 Long Blades
 + Level 5.6 Axes
 + Level 3.2 Maces & Flails
 + Level 3.2 Polearms
 + Level 3.2 Staves
 + Level 3.2 Slings
 + Level 3.2 Bows
 + Level 3.2 Crossbows
 + Level 3.2 Throwing
 + Level 3.2 Armour
 + Level 4.1 Dodging
 + Level 6.8 Stealth
   Level 0.0 Stabbing
 + Level 3.2 Shields
   Level 0.0 Traps
 + Level 3.2 Unarmed Combat
 + Level 3.2 Spellcasting
 + Level 3.2 Conjurations
 + Level 3.2 Hexes
 + Level 3.2 Charms
 + Level 3.2 Summonings
 + Level 3.2 Necromancy
 + Level 3.2 Translocations
 + Level 3.2 Transmutations
 + Level 3.2 Fire Magic
 + Level 3.2 Ice Magic
 + Level 3.2 Air Magic
 + Level 3.2 Earth Magic
 + Level 3.2 Poison Magic
 + Level 3.2 Invocations
 + Level 3.2 Evocations


You had 6 spell levels left.
You knew the following spells:

 Your Spells              Type           Power        Failure   Level  Hunger
a - Lee's Rapid Deconstr  Erth           ###.......   86%         5    ######.
b - Passwall              Tmut/Erth      ###.......   9%          2    ##.....


Dungeon Overview and Level Annotations

Branches:
Dungeon (7/15)             Temple (1/1) D:7

Altars:
Cheibriados
Dithmenos
Fedhas
Gozag
Hepliaklqana
Okawaru
Trog
Xom
The Shining One

Shops:
D:4 =

Annotations:
D:4 Sigmund
D:7 Joseph


Innate Abilities, Weirdness & Mutations

Your experience applies equally to all skills.
You have very sharp teeth.
Your uncanny sense of smell can sniff out nearby items.


Message History

The orc wizard gestures at you while chanting.
The magic dart hits you!
* * * LOW HITPOINT WARNING * * *
Unknown command.
Cheibriados appreciates the change of pace.
You feel a bit more experienced.
Unknown command.
As you read the scroll of teleportation, it crumbles to dust.
You feel strangely unstable.
You hear some strange, mumbled words.
Something tries to affect you, but you resist.
Unknown command.
It was a potion of berserk rage.
A red film seems to cover your vision as you go berserk!
Cheibriados protects you from inadvertent hurry.
You feel mighty!
You hear some strange, mumbled words.
A puff of flame appears from out of thin air!
The puff of flame hits you!
You die...

######
#.........#
#.....o...#
#.........#
#o#.#######
#)#...
#)#####
#o{){.#
#####.# #@#
#.# #.# #.#
#.# #.# #.#
#.#


There were no monsters in sight!

Vanquished Creatures
  A hornet (D:7)
  A sky beast (D:7)
  An ice beast (D:5)
  A bullfrog (D:7)
  2 crimson imps
  A bullfrog zombie (D:7)
  A centaur zombie (D:7)
  2 hounds (D:7)
  A jelly (D:6)
  3 orc priests
  5 orc wizards
  4 worker ants
  A hound zombie (D:7)
  A worker ant zombie (D:5)
  3 adders
  2 gnolls (D:4)
  A shadow imp (D:5)
  An ooze (D:3)
  An adder zombie (D:7)
  3 adder skeletons
  28 orcs
  2 bats
  A goblin (D:1)
  3 hobgoblins
  3 jackals (D:3)
  2 quokkas
  A frilled lizard (D:1)
  3 kobolds (D:3)
  A quokka skeleton (D:7)
  A rat (D:2)
81 creatures vanquished.

Notes
Turn   | Place    | Note
-------+----------+-------------------------------------------
     0 | D:1      | 4thArraOfDagon the Gnoll Wanderer began the quest for the Orb.
     0 | D:1      | 4thArraOfDagon set off with: a +2 leather armour, a potion of lignification, a +0 hand axe, a +0 dagger, a bread ration
     0 | D:1      | Reached XP level 1. HP: 20/20 MP: 1/1
   320 | D:3      | Reached XP level 2. HP: 15/26 MP: 2/2
   497 | D:3      | Reached XP level 3. HP: 25/31 MP: 3/3
   509 | D:3      | Reached skill level 6 in Stealth
   523 | D:4      | Found Hizab's Jewellery Shop.
   551 | D:5      | Entered Level 5 of the Dungeon
   566 | D:5      | Reached skill level 1 in Long Blades
   566 | D:5      | Reached skill level 1 in Maces & Flails
   566 | D:5      | Reached skill level 1 in Polearms
   566 | D:5      | Reached skill level 1 in Staves
   566 | D:5      | Reached skill level 1 in Slings
   566 | D:5      | Reached skill level 1 in Bows
   566 | D:5      | Reached skill level 1 in Crossbows
   566 | D:5      | Reached skill level 1 in Throwing
   566 | D:5      | Reached skill level 1 in Armour
   566 | D:5      | Reached skill level 1 in Shields
   566 | D:5      | Reached skill level 1 in Unarmed Combat
   566 | D:5      | Reached skill level 1 in Spellcasting
   566 | D:5      | Reached skill level 1 in Conjurations
   566 | D:5      | Reached skill level 1 in Hexes
   566 | D:5      | Reached skill level 1 in Charms
   566 | D:5      | Reached skill level 1 in Summonings
   566 | D:5      | Reached skill level 1 in Necromancy
   566 | D:5      | Reached skill level 1 in Translocations
   566 | D:5      | Reached skill level 1 in Transmutations
   566 | D:5      | Reached skill level 1 in Fire Magic
   566 | D:5      | Reached skill level 1 in Ice Magic
   566 | D:5      | Reached skill level 1 in Air Magic
   566 | D:5      | Reached skill level 1 in Earth Magic
   566 | D:5      | Reached skill level 1 in Poison Magic
   566 | D:5      | Reached skill level 1 in Invocations
   566 | D:5      | Reached skill level 1 in Evocations
   660 | D:5      | Reached XP level 4. HP: 38/38 MP: 5/5
   754 | D:5      | Found a shimmering altar of Xom.
   760 | D:5      | Found a blossoming altar of Fedhas.
   763 | D:5      | Found a shadowy altar of Dithmenos.
   766 | D:5      | Found an opulent altar of Gozag.
   787 | D:5      | Noticed an ice beast
   798 | D:5      | Killed an ice beast
   798 | D:5      | Reached XP level 5. HP: 11/43 MP: 5/7
   855 | D:6      | Learned a level 5 spell: Lee's Rapid Deconstruction
   858 | D:6      | Learned a level 2 spell: Passwall
   991 | D:6      | Reached XP level 6. HP: 23/50 MP: 8/8
  1008 | D:6      | Found a bloodstained altar of Trog.
  1116 | D:6      | HP: 2/50 [something/puff of flame (9)]
  1133 | D:6      | Found an iron altar of Okawaru.
  1159 | D:7      | :(
  1159 | D:7      | Noticed an orc warrior
  1213 | D:7      | :(
  1217 | D:7      | Reached skill level 5 in Fighting
  1217 | D:7      | Reached skill level 5 in Short Blades
  1217 | D:7      | Reached skill level 5 in Axes
  1218 | D:7      | :(
  1250 | D:7      | Reached XP level 7. HP: 17/56 MP: 10/10
  1320 | D:7      | Found a staircase to the Ecumenical Temple.
  1326 | Temple   | Entered the Ecumenical Temple
  1339 | Temple   | Became a worshipper of Cheibriados the Contemplative
  1408 | D:7      | Reached * piety under Cheibriados
  1493 | D:7      | Noticed a hornet
  1506 | D:7      | Killed a hornet
  1506 | D:7      | Reached XP level 8. HP: 26/63 MP: 12/12
  1559 | D:7      | Noticed Joseph
  1740 | D:4      | Reached ** piety under Cheibriados
  1756 | D:4      | Noticed Sigmund
  1768 | D:4      | Killed from afar by Sigmund

Vault maps used:
D:1:      evilmike_arrival_rings
D:2:      chequers_ecumenical_altar_island, serial_forest,
          infiniplex_forest_straight_3, infiniplex_forest_clump_double,
          infiniplex_forest_straight_1, infiniplex_forest_straight_1,
          infiniplex_forest_clump_small, infiniplex_forest_straight_4,
          infiniplex_forest_end_3, infiniplex_forest_zigzag_1,
          infiniplex_forest_lined_3_way, mrwooster_statue_mirror
D:3:      first_bread, minmay_vboxes
D:4:      lemuel_doored_altar, serial_shops, shop, uniq_sigmund
D:5:      lemuel_ice_spiral_2, grunt_temple_overflow_cloverleaf
D:6:      kennysheep_mini, trog_three_pillars_becter
D:7:      minmay_temple_entry_fiery, uniq_joseph
Temple:   eino_temple_scatter_basement

Skill      XL: |  1  2  3  4  5  6  7 |
---------------+----------------------+-----
Stealth        | 6 |  6.8
Long Blades    | 1 2 3 |  3.2
Maces & Flails | 1 2 3 |  3.2
Polearms       | 1 2 3 |  3.2
Staves         | 1 2 3 |  3.2
Slings         | 1 2 3 |  3.2
Bows           | 1 2 3 |  3.2
Crossbows      | 1 2 3 |  3.2
Throwing       | 1 2 3 |  3.2
Armour         | 1 2 3 |  3.2
Shields        | 1 2 3 |  3.2
Unarmed Combat | 1 2 3 |  3.2
Spellcasting   | 1 2 3 |  3.2
Conjurations   | 1 2 3 |  3.2
Hexes          | 1 2 3 |  3.2
Charms         | 1 2 3 |  3.2
Summonings     | 1 2 3 |  3.2
Necromancy     | 1 2 3 |  3.2
Translocations | 1 2 3 |  3.2
Transmutations | 1 2 3 |  3.2
Fire Magic     | 1 2 3 |  3.2
Ice Magic      | 1 2 3 |  3.2
Air Magic      | 1 2 3 |  3.2
Earth Magic    | 1 2 3 |  3.2
Poison Magic   | 1 2 3 |  3.2
Invocations    | 1 2 3 |  3.2
Evocations     | 1 2 3 |  3.2
Dodging        | 3 4 |  4.1
Fighting       | 5 |  5.6
Short Blades   | 5 |  5.6
Axes           | 5 |  5.6

Action                   |  1- 3 |  4- 6 |  7- 9 || total
-------------------------+-------+-------+-------++-------
Melee: Hand axe          |    51 |       |       ||    51
       Bite              |     1 |    17 |    10 ||    28
       Whip              |    11 |   107 |    52 ||   170
       Flail             |       |       |    41 ||    41
       Punch             |       |       |     2 ||     2
Throw: Javelin           |       |       |     1 ||     1
Evoke: Wand              |     4 |     9 |     8 ||    21
  Use: Scroll            |     3 |     4 |     2 ||     9
       Potion            |       |     1 |     5 ||     6
 Stab: Paralysed         |     4 |    17 |     7 ||    28
       Sleeping          |     1 |     4 |       ||     5
  Eat: Chunk             |       |     1 |     2 ||     3
Armor: Leather armour    |    24 |    25 |     9 ||    58
       Skin              |       |       |    12 ||    12
       Ring mail         |       |       |    11 ||    11
Dodge: Dodged            |    67 |    36 |    60 ||   163

Table legend:
 A = Spawn XP
 B = Non-spawn XP
 C = Spawn XP percentage of total XP
 D = Spawn monster count
 E = Non-spawn monster count
 F = Spawn count percentage of total count
 G = Total turns spent on level
                    A         B        C        D         E        F      G
               +---------+---------+-------+---------+---------+-------+---------
         Total |       0 |    1715 |   0.0 |       0 |      81 |   0.0 |  1768
               +---------+---------+-------+---------+---------+-------+---------
           D:1 |       0 |       7 |   0.0 |       0 |       4 |   0.0 |   190
           D:2 |       0 |       1 |   0.0 |       0 |       1 |   0.0 |   150
           D:3 |       0 |      41 |   0.0 |       0 |      13 |   0.0 |   183
           D:4 |       0 |     190 |   0.0 |       0 |      15 |   0.0 |   175
           D:5 |       0 |     195 |   0.0 |       0 |       6 |   0.0 |   342
           D:6 |       0 |     185 |   0.0 |       0 |      10 |   0.0 |   354
           D:7 |       0 |    1096 |   0.0 |       0 |      32 |   0.0 |   347
               +---------+---------+-------+---------+---------+-------+---------
